 Dungeon Crawl Stone Soup version 0.17-a0-764-gd40c196 (webtiles) character file.

191072 karvarausku the Black Belt (level 17, -39/205 HPs)
             Began as a Yellow Draconian Monk on Apr 23, 2015.
             Was the Champion of Nemelex Xobeh.
             Killed by Shatter
             ... invoked by Jorgrun
              (89 damage)
             ... on level 2 of the Swamp.
             The game lasted 03:46:36 (40459 turns).

karvarausku the Black Belt (Yellow Draconian Monk) Turns: 40459, Time: 03:47:06

Health: -39/205    AC: 13    Str: 23    XL:     17   Next: 56%
Magic:  28/28      EV:  1    Int: 12    God:    Nemelex Xobeh [******]
Gold:   3438       SH:  0    Dex: 21    Spells: 3 memorised, 19 levels left

rFire  + . .     SeeInvis +       - Unarmed
rCold  . . .     Clarity  .     (armour unavailable)
rNeg   + + +     SustAb   .     (shield currently unavailable)
rPois  ∞         Gourm    .     (helmet currently unavailable)
rElec  .         Spirit   .     (cloak currently unavailable)
rCorr  .         Warding  .     (gloves currently unavailable)
rMut   .         Stasis   .     (boots currently unavailable)
MR     +....                    K - amulet of regeneration
Stlth  ++........               G - +6 ring of protection
                                s - ring of Pep Ned {rF+ Int+3 SInv}

@: lethally poisoned (-39 -> -39), hydra-form, petrified, somewhat resistant to
hostile enchantments, unstealthy
A: (spit acid), (acid resistance), unfitting armour, (acidic bite),
(cold-blooded), AC +9
a: End Transformation, Triple Draw, Deal Four, Stack Five, Renounce Religion
}: 1/15 runes: gossamer


You were on level 2 of the Swamp.
You worshipped Nemelex Xobeh.
Nemelex Xobeh was exalted by your worship.
You were not hungry.
You were a 4-headed hydra.
You visited 7 branches of the dungeon, and saw 36 of its levels.
You visited the Abyss 1 time.
You also visited: Ossuary, Ice Cave and Volcano.

You collected 3577 gold pieces.
You spent 13 gold pieces at shops.

Inventory:

Hand weapons
 b - a +3 blowgun
Missiles
 e - 95 poisoned needles
 f - 23 curare-tipped needles
 v - 7 needles of slowing
Armour
 E - a +2 pair of boots (melded)
 F - a +2 cloak (melded)
 L - a +2 pair of gloves (melded)
 U - a +2 hat (melded)
Jewellery
 s - the ring of Pep Ned (left foreclaw) {rF+ Int+3 SInv}
   (You found it on level 5 of the Lair of Beasts)

   [ring of see invisible]

   It affects your intelligence (+3).
   It protects you from fire.
   It enhances your eyesight.
 x - an uncursed ring of poison resistance
 A - an uncursed amulet of warding
 C - a +4 ring of strength
 G - a +6 ring of protection (right foreclaw)
 K - an amulet of regeneration (around neck)
 V - the ring of Nylai {+/*Tele MP+9}
   (You found it in an ice cave)

   [ring of teleportation]

   It may teleport you to nearby monsters, and can be evoked to randomly
   teleport.
   It affects your magic capacity (+9).
Magical devices
 h - a wand of magic darts (17)
 j - a wand of cold (9)
 w - a wand of enslavement (15)
 H - a wand of confusion (16)
 O - a wand of teleportation (5)
 S - a wand of digging (19)
 Z - a wand of draining (5)
Scrolls
 c - 6 scrolls of remove curse
 d - 3 scrolls of recharging
 g - 6 scrolls of teleportation
 k - 3 scrolls of fog
 l - 3 scrolls of enchant armour
 n - 3 scrolls of identify
 y - 5 scrolls of magic mapping
 I - 2 scrolls of enchant weapon
Potions
 i - 8 potions of agility
 q - 4 potions of might
 u - a potion of haste
 B - 3 potions of restore abilities
 P - a potion of berserk rage
 T - 3 potions of resistance
 X - 8 potions of curing
Books
 z - a book of Ice

   Spells                             Type                      Level
   a - Ice Form                       Ice/Transmutation            4
   b - Metabolic Englaciation         Hexes/Ice                    5
   c - Ozocubu's Refrigeration        Ice                          6
   d - Bolt of Cold                   Conjuration/Ice              6
   e - Freezing Cloud                 Conjuration/Ice/Air          6
   f - Simulacrum                     Ice/Necromancy               6
 J - a book of Battle

   Spells                             Type                      Level
   a - Infusion                       Charms                       1
   b - Shroud of Golubria             Charms/Translocation         2
   c - Song of Slaying                Charms                       2
   d - Spectral Weapon                Hexes/Charms                 3
   e - Regeneration                   Charms/Necromancy            3
 N - a book of Summonings

   Spells                             Type                      Level
   a - Abjuration                     Summoning                    3
   b - Recall                         Summoning/Translocation      3
   c - Shadow Creatures               Summoning                    5
   d - Summon Demon                   Summoning                    5
   e - Summon Forest                  Summoning/Translocation      5
   f - Monstrous Menagerie            Summoning                    6
Miscellaneous
 p - a phantom mirror
 t - an ornate deck of war
 D - a legendary deck of destruction {Pain}
 M - a legendary deck of escape {drawn: 8}
 Q - an ornate deck of war {drawn: 3}
 R - a legendary deck of wonders
 W - an ornate deck of destruction
 Y - an ornate deck of escape {drawn: 1}
Comestibles
 a - 12 bread rations
 m - 6 royal jellies
 r - 4 meat rations


   Skills:
 + Level 16.0 Fighting
 + Level 12.5 Dodging
 - Level 1.7 Stealth
 + Level 18.5 Unarmed Combat
 + Level 7.8 Spellcasting
 + Level 14.2 Transmutations
 - Level 3.8 Evocations


You had 19 spell levels left.
You knew the following spells:

 Your Spells              Type           Power        Failure   Level  Hunger
a - Repel Missiles        Chrm/Air       #.....       28%         2    #......
b - Hydra Form            Trmt           #####.....   10%         6    #######
c - Ice Form              Ice/Trmt       ###.....     10%         4    ####...


Dungeon Overview and Level Annotations

Branches:
Dungeon (15/15)            Temple (1/1) D:5            Lair (8/8) D:8
  Swamp (2/5) Lair:4       Spider (5/5) Lair:3        Slime (0/6) Lair:6
    Orc (4/4) D:10            Elf (0/3) Orc:4        Vaults (0/5) D:13
 Depths (1/5) D:15

Altars:
Ashenzari
Cheibriados
Dithmenos
Elyvilon
Fedhas
Gozag
Kikubaaqudgha
Makhleb
Nemelex Xobeh
Okawaru
Qazlal
Ru
Sif Muna
Trog
Vehumet
Xom
Yredelemnul
Zin
The Shining One
Jiyva
Lugonu

Shops:
D:7 !   D:8 :   Orc:3 :   Orc:4 *:%[*

Portals:
Pandemonium: Orc:4
Trove: D:15 (give +5 demon blade)

Annotations:
Lair:6 1 runed door
Swamp:2 exclusion: Roxanne, Jorgrun, Roxanne
Depths:1 Mara


Innate Abilities, Weirdness & Mutations

((You can spit globs of acid.))
((You are resistant to acid.))
((Your golden yellow scales are hard (AC +9).))
Your body does not fit into most forms of armour.
((You have acidic saliva.))
((You are cold-blooded and may be slowed by cold attacks.))


Message History

Jorgrun hits you with a quarterstaff of crushing!
The seven-headed hydra bites you! x2
* * * LOW HITPOINT WARNING * * *
The seven-headed hydra bites you.
The seven-headed hydra bites you but does no damage. x4
The seven-headed hydra bites you but does no damage.
The seven-headed hydra bites you!
* * * LOW HITPOINT WARNING * * *
The seven-headed hydra bites you!
* * * LOW HITPOINT WARNING * * *
The seven-headed hydra bites you. x2
* * * LOW HITPOINT WARNING * * *
The seven-headed hydra bites you.
* * * LOW HITPOINT WARNING * * *
The seven-headed hydra bites you but does no damage.
Jorgrun mumbles some strange words.
The dungeon rumbles around Jorgrun!
You shudder from the earth-shattering force.
You die...
Your body disappears without a glow.

..≈....(≈≈♣♣≈.≈≈≈...(.≈≈.♣
≈.......≈♣♣≈.≈≈.≈♣...≈≈≈≈..
≈≈≈.≈≈..≈§≈.≈≈≈≈.≈≈......≈
≈≈≈≈≈≈≈...≈}.≈≈≈.≈≈≈.♣♣≈.
≈≈≈≈≈≈≈≈.....♣♣≈.≈≈.♣♣
.≈≈≈≈≈≈≈.≈§†††>....♣
.≈...≈≈≈....≈≈.≈≈..♣♣♣≈.
.♣♣..♣...≈≈♣†≈..≈...≈≈≈.. .
.>.......≈≈...Dg.......
≈≈≈≈≈≈≈$../.D.≈≈....≈
≈≈≈≈≈≈§..≈≈≈≈≈≈≈≈..≈
≈≈≈.≈...≈≈≈.≈≈≈...≈
≈≈≈..♣.≈≈≈≈≈≈≈....
≈≈§♣♣.≈≈≈≈≈≈≈... ≈.
♣♣≈...§≈≈.. ≈≈♣......
.≈≈.≈.


You could see Jorgrun (invisible) and a seven-headed hydra.

Vanquished Creatures
  Norris (Spider:2)
  Arachne (Spider:3)
  Donald (Swamp:2)
  5 emperor scorpions
  3 ghost moths (Spider:5)
  Aizul (Spider:4)
  Josephine (D:11)
  A vault guard (D:13)
  4 entropy weavers
  5 hydras
  5 alligators
  4 centaur warriors
  An ogre mage (D:15)
  Urug (Orc:4)
  2 orc high priests (Orc:4)
  Sonja (D:15)
  A death yak (Lair:6)
  6 unseen horrors
  5 skeletal warriors
  A putrid demonspawn (Orc:4)
  A hell knight (Volcano)
  2 shambling mangroves
  A swamp dragon (Swamp:1)
  Pikel (D:3)
  7 hill giants
  An infernal demonspawn (Orc:4)
  An orc knight (Orc:4)
  18 ugly things
  9 orb spiders
  A shining eye (Orc:4)
  3 manticores
  21 wolf spiders
  4 griffons
  5 cyclopes
  6 hornets
  7 elephants
  A draconian (Orc:4)
  A moth of wrath (Spider:5)
  A rust devil (Orc:4)
  7 orc sorcerers (Orc:4)
  5 black mambas
  A queen ant (Lair:7)
  4 torpor snails
  2 gargoyles
  A kobold demonologist (D:15)
  19 demonic crawlers
  22 spiny frogs
  An elf (Orc:4)
  10 komodo dragons
  4 fire drakes
  3 trolls
  11 giant leeches
  2 polar bears
  Grinder (D:6)
  A harpy skeleton (D:15)
  15 slime creatures
  10 blink frogs
  20 jumping spiders
  3 two-headed ogres
  A hornet zombie (D:15)
  2 ravens (Swamp:2)
  2 bog bodies
  4 baby alligators (Swamp:1)
  41 redbacks
  Sigmund (D:4)
  A shadow (D:13)
  A ynoxinul (Orc:4)
  5 wraiths
  4 hungry ghosts
  21 tarantellas
  53 yaks
  13 trapdoor spiders
  A spriggan (Swamp:1)
  Eustachio (D:4)
  2 deep elf magi
  A fire elemental (Volcano)
  10 hippogriffs
  2 wyverns
  2 basilisks
  A steam dragon (Lair:6)
  A mottled dragon (D:14)
  11 swamp worms
  15 vampire mosquitoes
  A dancing weapon (D:9)
  12 soldier ants (Lair:2)
  13 wolves
  13 porcupines
  A warg (Orc:1)
  A hell hound (Volcano)
  6 insubstantial wisps (Swamp:1)
  14 water moccasins
  A spider (shapeshifter) (D:13)
  A hydra simulacrum (Abyss:1)
  A large abomination (Abyss:1)
  5 necrophages (Lair:4)
  3 swamp drakes
  29 orc warriors
  7 wasps
  3 black bears
  3 sky beasts
  2 slaves (D:3)
  26 spiders
  7 ice beasts
  3 phantoms
  13 ogres
  2 eyes of draining (D:15)
  8 centaurs
  2 boring beetles
  A big kobold (D:11)
  3 elf zombies (Ossuary)
  13 crocodiles
  28 giant frogs
  Blork the orc (Orc:4)
  The ghost of asdu the Skirmisher, an average VSAr (D:4)
  A wyvern zombie (D:8)
  A wyvern skeleton (D:13)
  9 wights
  13 scorpions
  A troll zombie (D:10)
  8 jellies
  15 killer bees
  2 electric eels
  8 crimson imps
  5 centaur zombies
  5 goliath beetles
  34 orc priests
  8 hounds
  5 centaur skeletons
  11 iguanas
  Natasha (thrice) (D:2)
  26 orc wizards
  4 ogre zombies (D:10)
  3 sheep (Orc:4)
  40 worker ants
  A big kobold zombie (Ossuary)
  A hound zombie (Ossuary)
  3 mummies (Ossuary)
  A hound skeleton (D:9)
  13 adders
  4 gnolls
  51 river rats
  4 shadow imps
  An ufetubus (D:15)
  5 adder zombies (Ossuary)
  7 oozes
  4 worms
  4 giant geckos
  169 orcs
  3 bat skeletons
  5 giant cockroaches
  28 goblins
  19 hobgoblins
  17 jackals
  2 quokkas
  A ball python skeleton (D:4)
  11 bats
  A giant gecko skeleton (D:4)
  A giant gecko zombie (D:6)
  6 giant newts
  A giant spore (D:14)
  A gnoll zombie (Ossuary)
  A goblin zombie (Ossuary)
  2 hobgoblin skeletons (D:10)
  9 hobgoblin zombies
  2 jackal zombies (Ossuary)
  12 kobolds
  3 kobold zombies (Ossuary)
  An orc skeleton (D:10)
  11 orc zombies (D:10)
  3 quokka zombies (Ossuary)
  21 rats
  4 rat zombies (Ossuary)
  3 ballistomycetes (D:14)
  A bush (Lair:6)
  6 fungi
  13 plants (Lair:8)
1361 creatures vanquished.

Vanquished Creatures (collateral kills)
  Gastronok (D:9)
  Louise (D:14)
  An emperor scorpion (Spider:4)
  Nessos (D:15)
  3 vault guards (D:13)
  2 fire dragons (D:15)
  2 hydras
  A centaur warrior (D:13)
  The ghost of kroki the Cruncher, an experienced DsGl of Ashenzari (D:8)
  A soul eater (Orc:4)
  An unseen horror (D:10)
  2 skeletal warriors
  A hill giant (D:10)
  A hornet (D:15)
  A cyclops (D:13)
  An orb spider (Spider:5)
  2 centaur zombies (D:13)
  A gargoyle (D:13)
  2 spiny frogs (Lair:8)
  A molten gargoyle (Volcano)
  A fire drake (Lair:8)
  2 demonic crawlers (Spider:4)
  2 trolls
  A raven (D:12)
  A giant leech (Lair:8)
  4 blink frogs (Lair:8)
  A tarantella (Spider:4)
  A redback (Spider:4)
  A hippogriff (Lair:8)
  A deep elf mage (D:10)
  A chaos spawn (Orc:4)
  A wolf (Lair:8)
  5 yaks
  A fire elemental (Volcano)
  3 soldier ants (Lair:2)
  4 vampire mosquitoes
  5 ice beasts (IceCv)
  3 orc warriors (Orc:4)
  A black bear (D:13)
  A big kobold (D:13)
  A wasp (Orc:4)
  A centaur (D:13)
  4 giant frogs
  A wight (D:12)
  5 killer bees
  A troll zombie (D:10)
  An electric eel (Lair:8)
  A crimson imp (D:13)
  2 orc priests
  An orc wizard (D:9)
  2 worker ants (Lair:2)
  A sheep (Orc:4)
  4 river rats (Lair:4)
  A shadow imp (D:8)
  18 orcs
  A jackal zombie (Ossuary)
  2 orc zombies (D:10)
114 creatures vanquished.

Vanquished Creatures (others)
  Agnes (D:15)
  A minotaur (Lair:2)
  A yaktaur captain (D:15)
  A rakshasa (D:13)
  2 centaur warriors (D:15)
  A naga sharpshooter (Lair:8)
  2 ice statues (IceCv)
  A wizard (D:5)
  2 ugly things
  A molten gargoyle (D:15)
  A freezing wraith (D:14)
  A red devil (Spider:2)
  3 yaktaurs (D:13)
  2 polar bears
  A jumping spider (Spider:3)
  A dancing weapon (D:9)
  2 chimeras
  7 water elementals
  3 air elementals
  7 vampire mosquitoes
  A chaos spawn (D:13)
  Menkaure (D:4)
  A soldier ant (Lair:2)
  A hell hound (Spider:2)
  An orc priest (Orc:4)
  A wasp (Spider:5)
  2 orc warriors (Orc:4)
  An ogre (D:4)
  2 centaurs
  2 boring beetles
  2 killer bees
  An orc wizard (D:9)
  A worker ant (D:4)
  2 orcs (D:9)
  A hobgoblin (D:4)
  3 fungi
  10 plants
74 creatures vanquished.

Grand Total: 1549 creatures vanquished

Notes
Turn   | Place    | Note
--------------------------------------------------------------
     0 | D:1      | karvarausku, the Draconian Monk, began the quest for the Orb.
     0 | D:1      | Reached XP level 1. HP: 19/19 MP: 1/1
   257 | D:1      | Reached XP level 2. HP: 26/26 MP: 2/2
   739 | D:2      | Noticed Natasha
   758 | D:2      | Reached skill level 5 in Unarmed Combat
   758 | D:2      | Reached XP level 3. HP: 14/31 MP: 3/3
  1414 | D:2      | Reached XP level 4. HP: 36/38 MP: 4/4
  1418 | D:2      | Killed Natasha
  1420 | D:2      | Reached skill level 6 in Unarmed Combat
  1702 | D:2      | Noticed Natasha
  1712 | D:2      | Killed Natasha
  1913 | D:2      | Noticed Natasha
  1934 | D:2      | Killed Natasha
  2208 | D:3      | Reached XP level 5. HP: 40/45 MP: 5/5
  2282 | D:3      | Found a blossoming altar of Fedhas.
  2601 | D:3      | Found a snail-covered altar of Cheibriados.
  2876 | D:4      | Noticed Eustachio
  2905 | D:4      | Killed Eustachio
  2905 | D:4      | Reached skill level 7 in Unarmed Combat
  2905 | D:4      | Reached XP level 6. HP: 10/51 MP: 6/6
  3299 | D:4      | Noticed Pikel
  3299 | D:4      | Noticed a slave
  3299 | D:4      | Noticed a slave
  3299 | D:4      | Noticed a slave
  3300 | D:4      | Noticed a slave
  3300 | D:4      | Noticed asdu's ghost (average VSAr)
  3333 | D:3      | Killed a slave
  3352 | D:3      | Killed a slave
  3508 | D:3      | Killed Pikel
  3508 | D:3      | Reached skill level 9 in Unarmed Combat
  3508 | D:3      | Your scales start taking on a golden yellow colour.
  3508 | D:3      | Reached XP level 7. HP: 24/57 MP: 7/7
  3716 | D:4      | Noticed an ogre
  3716 | D:4      | Killed an ogre
  3770 | D:4      | Killed asdu's ghost
  3770 | D:4      | Reached skill level 10 in Unarmed Combat
  3791 | D:4      | Killed Menkaure
  3886 | D:4      | Found a radiant altar of Vehumet.
  4002 | D:4      | Noticed Sigmund
  4019 | D:4      | Killed Sigmund
  4019 | D:4      | Reached XP level 8. HP: 51/63 MP: 8/8
  4025 | D:4      | Found a sacrificial altar of Ru.
  4242 | D:4      | Found an iron altar of Okawaru.
  4382 | D:5      | Entered Level 5 of the Dungeon
  4543 | D:5      | Reached skill level 11 in Unarmed Combat
  4798 | D:5      | Found a bloodstained altar of Trog.
  4798 | D:5      | Found an iron altar of Okawaru.
  4853 | D:5      | Found a glowing golden altar of the Shining One.
  4853 | D:5      | Found a white marble altar of Elyvilon.
  4853 | D:5      | Found a glowing silver altar of Zin.
  4944 | D:5      | Found a staircase to the Ecumenical Temple.
  4993 | D:5      | Found a bloodstained altar of Trog.
  4993 | D:5      | Noticed a wizard
  5000 | D:5      | Killed a wizard
  5022 | Temple   | Entered the Ecumenical Temple
  5289 | D:6      | Noticed Grinder
  5312 | D:6      | Killed Grinder
  5312 | D:6      | Reached skill level 12 in Unarmed Combat
  5715 | D:6      | Reached XP level 9. HP: 61/70 MP: 9/9
  6500 | D:7      | Found a stormy altar of Qazlal.
  6500 | D:7      | Found a sparkling altar of Nemelex Xobeh.
  6504 | D:7      | Became a worshipper of Nemelex Xobeh the Trickster
  6504 | D:7      | Received a gift from Nemelex Xobeh
  6504 | D:7      | Received a gift from Nemelex Xobeh
  6761 | D:7      | Found Efiawn's Distillery.
  6769 | D:7      | Bought a potion of poison for 13 gold pieces
  6792 | D:7      | Reached skill level 13 in Unarmed Combat
  6933 | D:7      | Received a gift from Nemelex Xobeh
  7091 | D:8      | Noticed kroki's ghost (experienced DsGl)
  7106 | D:8      | Killed kroki's ghost
  7147 | D:8      | Found a sand-covered staircase.
  7152 | Ossuary  | Entered an ossuary
  7251 | Ossuary  | Reached skill level 14 in Unarmed Combat
  7506 | D:8      | Found Wuopul's Book Emporium.
  7534 | D:8      | Reached XP level 10. HP: 52/77 MP: 10/10
  7620 | D:8      | Received a gift from Nemelex Xobeh
  7897 | D:8      | Acquired Nemelex Xobeh's first power
  8191 | D:8      | Received a gift from Nemelex Xobeh
  8204 | D:8      | Found a staircase to the Lair.
  8783 | D:9      | Reached skill level 15 in Unarmed Combat
  8874 | D:9      | Noticed Gastronok
  8895 | D:9      | Killed Gastronok
  9041 | D:9      | Received a gift from Nemelex Xobeh
  9314 | D:10     | Entered Level 10 of the Dungeon
  9316 | D:10     | Acquired Nemelex Xobeh's second power
  9429 | D:10     | Noticed a hill giant
  9437 | D:10     | Killed a hill giant
  9440 | D:10     | Killed an unseen horror
  9537 | D:10     | Reached skill level 5 in Fighting
  9541 | D:10     | Reached XP level 11. HP: 56/86 MP: 11/11
  9774 | D:10     | Noticed a hill giant
  9793 | D:10     | Killed a hill giant
  9793 | D:10     | Reached skill level 5 in Dodging
  9914 | D:10     | Found a staircase to the Orcish Mines.
 10529 | D:11     | Noticed a hill giant
 10540 | D:11     | Killed a hill giant
 10551 | D:11     | Noticed a hill giant
 10575 | D:11     | Killed a hill giant
 10653 | D:11     | Paralysed by a wasp for 1 turns
 10657 | D:11     | Paralysed by a wasp for 3 turns
 10788 | D:11     | Killed an unseen horror
 10835 | D:11     | Noticed Josephine
 11291 | D:11     | Killed Josephine
 11802 | Lair:1   | Entered Level 1 of the Lair of Beasts
 11819 | Lair:1   | Reached XP level 12. HP: 103/105 MP: 12/12
 11906 | Lair:1   | Received a gift from Nemelex Xobeh
 12157 | Lair:1   | Received a gift from Nemelex Xobeh
 12465 | Lair:1   | Reached skill level 10 in Fighting
 13017 | Lair:2   | Noticed a seven-headed hydra
 13021 | Lair:2   | a seven-headed hydra changed into an alligator
 13037 | Lair:2   | Received a gift from Nemelex Xobeh
 13050 | Lair:2   | Acquired Nemelex Xobeh's third power
 13108 | Lair:2   | Noticed a minotaur
 13108 | Lair:2   | a queen ant changed into a minotaur
 13119 | Lair:2   | Killed a minotaur
 13429 | Lair:2   | Received a gift from Nemelex Xobeh
 13859 | Lair:2   | Received a gift from Nemelex Xobeh
 14430 | Lair:3   | Received a gift from Nemelex Xobeh
 14459 | Lair:3   | Found a hole to the Spider Nest.
 14943 | Lair:3   | Reached skill level 10 in Dodging
 15165 | Lair:4   | Learned a level 2 spell: Repel Missiles
 15341 | Lair:4   | Found a staircase to the Swamp.
 15371 | Lair:4   | Received a gift from Nemelex Xobeh
 15392 | Lair:4   | Noticed a five-headed hydra
 15611 | Lair:4   | Reached XP level 13. HP: 118/118 MP: 13/13
 15683 | Lair:4   | Noticed a five-headed hydra
 15693 | Lair:4   | Killed a five-headed hydra
 15708 | Lair:4   | Killed a five-headed hydra
 15720 | Lair:4   | Learned a level 6 spell: Hydra Form
 15732 | Lair:4   | Received a gift from Nemelex Xobeh
 16190 | Lair:5   | Received a gift from Nemelex Xobeh
 16226 | Lair:5   | Found a dark tunnel.
 16594 | Lair:5   | Reached skill level 1 in Spellcasting
 16594 | Lair:5   | Reached skill level 1 in Transmutations
 16665 | Lair:5   | Received a gift from Nemelex Xobeh
 16770 | Lair:5   | Got a twitching ivory ring
 16775 | Lair:5   | Identified the ring of Pep Ned {rF+ Int+3 SInv} (You found it on level 5 of the Lair of Beasts)
 17203 | Lair:6   | Reached skill level 16 in Unarmed Combat
 17516 | Lair:6   | Found a runed door.
 17544 | Lair:6   | Found a viscous altar of Jiyva.
 17544 | Lair:6   | Found a staircase to the Slime Pits.
 17726 | Lair:6   | Received a gift from Nemelex Xobeh
 18607 | Lair:7   | Found a dark tunnel.
 18614 | Volcano  | Entered a volcano
 18621 | Volcano  | Received a gift from Nemelex Xobeh
 18724 | Volcano  | Received a gift from Nemelex Xobeh
 18814 | Volcano  | Found a radiant altar of Vehumet.
 19191 | Lair:7   | Paralysed by a hornet for 2 turns
 19197 | Lair:7   | Reached skill level 5 in Transmutations
 19542 | Lair:7   | Received a gift from Nemelex Xobeh
 20117 | Lair:7   | Reached skill level 1 in Evocations
 20689 | Lair:8   | Entered Level 8 of the Lair of Beasts
 20697 | Lair:7   | Gained mutation: You have acidic saliva. [Yellow Draconian growth]
 20697 | Lair:7   | Reached XP level 14. HP: 84/127 MP: 19/19
 20910 | Lair:8   | Received a gift from Nemelex Xobeh
 21021 | Lair:8   | Drew Focus: Dex increased to 19, Int decreased to 10
 21788 | Lair:8   | Received a gift from Nemelex Xobeh
 22006 | Lair:8   | Got a polished trident
 22051 | Lair:8   | Identified the +6 trident of Irphuux {pierce, rF+ Int+4} (You found it on level 8 of the Lair of Beasts)
 22741 | D:10     | Noticed an unseen horror
 22752 | D:10     | Killed an unseen horror
 22859 | D:12     | Received a gift from Nemelex Xobeh
 22867 | D:12     | Found a shadowy altar of Dithmenos.
 22880 | D:12     | Found a glowing golden altar of the Shining One.
 23307 | D:12     | Received a gift from Nemelex Xobeh
 23800 | D:13     | Received a gift from Nemelex Xobeh
 23862 | D:13     | Found a gate to the Vaults.
 23894 | D:13     | Reached skill level 10 in Transmutations
 24190 | D:13     | Reached XP level 15. HP: 136/136 MP: 21/21
 24596 | D:14     | Received a gift from Nemelex Xobeh
 24698 | D:14     | Noticed Louise
 24699 | D:14     | Found a frozen archway.
 24723 | D:14     | Cast into the Abyss (Louise)
 24842 | Abyss:1  | Received a gift from Nemelex Xobeh
 24864 | D:14     | Escaped the Abyss
 24896 | D:14     | Killed Louise
 24911 | IceCv    | Entered an ice cave
 25012 | IceCv    | Got a flickering glass ring
 25014 | IceCv    | Identified the ring of Nylai {+/*Tele MP+9} (You found it in an ice cave)
 26226 | D:15     | Entered Level 15 of the Dungeon
 26232 | D:15     | Received a gift from Nemelex Xobeh
 26575 | D:15     | Noticed Nessos
 26585 | D:15     | Noticed Agnes
 26595 | D:15     | Killed Agnes
 26977 | D:15     | Found a portal to a secret trove of treasure.
 27157 | D:15     | Received a gift from Nemelex Xobeh
 27193 | D:15     | Killed Nessos
 27282 | D:15     | Noticed Sonja
 27311 | D:15     | Killed Sonja
 27311 | D:15     | Reached skill level 17 in Unarmed Combat
 27733 | D:15     | Found a staircase to the Depths.
 28376 | Orc:1    | Entered Level 1 of the Orcish Mines
 28429 | Orc:1    | Received a gift from Nemelex Xobeh
 28861 | Orc:1    | Received a gift from Nemelex Xobeh
 29150 | Orc:3    | Found Niutixzy's Book Shoppe.
 29624 | Orc:4    | Entered Level 4 of the Orcish Mines
 29624 | Orc:4    | Received a gift from Nemelex Xobeh
 29689 | Orc:4    | Found Qestrinwu's General Store.
 29762 | Orc:4    | Noticed Urug
 29763 | Orc:4    | Noticed Blork the orc
 29773 | Orc:4    | Killed Blork the orc
 29779 | Orc:4    | Killed Urug
 30025 | Orc:4    | Received a gift from Nemelex Xobeh
 30184 | Orc:4    | Found a staircase to the Elven Halls.
 30323 | Orc:4    | Found Vilinn's General Store.
 30540 | Orc:4    | Found Bymuotwe's Food Emporium.
 30645 | Orc:4    | Found a radiant altar of Vehumet.
 30733 | Orc:4    | Received a gift from Nemelex Xobeh
 30799 | Orc:4    | Noticed Roreh the pandemonium lord
 30915 | Orc:4    | Reached XP level 16. HP: 71/147 MP: 22/22
 31016 | Orc:4    | Found Nuem's Book Boutique.
 31016 | Orc:4    | Found a one-way gate leading to the halls of Pandemonium.
 31022 | Orc:4    | Found Rimaisas's Antique Armour Shop.
 32071 | Spider:1 | Entered Level 1 of the Spider Nest
 32090 | Spider:1 | Got a brightly glowing mace
 32129 | Spider:1 | Received a gift from Nemelex Xobeh
 32897 | Spider:1 | Reached skill level 5 in Spellcasting
 33281 | Spider:2 | Reached skill level 15 in Fighting
 33968 | Spider:3 | Received a gift from Nemelex Xobeh
 34166 | Spider:3 | Noticed Norris
 34422 | Spider:3 | Paralysed by Norris for 2 turns
 34430 | Spider:2 | Paralysed by Norris for 4 turns
 34449 | Spider:2 | Killed Norris
 34914 | Spider:3 | Noticed Arachne
 34945 | Spider:3 | Killed Arachne
 35212 | Spider:4 | Received a gift from Nemelex Xobeh
 35222 | Spider:4 | Noticed Jeawk the pandemonium lord
 35612 | Spider:4 | Noticed Aizul
 35873 | Spider:4 | Killed Aizul
 36186 | Spider:5 | Entered Level 5 of the Spider Nest
 36368 | Spider:4 | Reached skill level 18 in Unarmed Combat
 36529 | Spider:5 | Received a gift from Nemelex Xobeh
 36988 | Spider:5 | Reached XP level 17. HP: 156/156 MP: 20/27
 37233 | Spider:5 | Drew Focus: Dex increased to 21, Int decreased to 9
 37695 | Spider:5 | Identified the +6 mace of Ypsufepu {drain, rN+ Dex+3} (You found it on level 1 of the Spider Nest)
 38061 | Spider:5 | Got a gossamer rune of Zot
 38100 | Spider:5 | Received a gift from Nemelex Xobeh
 38162 | Spider:5 | HP: 12/305 [emperor scorpion (8)]
 38353 | Lair:3   | Learned a level 4 spell: Ice Form
 38731 | Depths:1 | Entered Level 1 of the Depths
 38731 | Depths:1 | Noticed Mara
 38741 | Depths:1 | Noticed karvarausku's illusion
 38903 | Depths:1 | Noticed karvarausku's illusion
 39333 | Swamp:1  | Entered Level 1 of the Swamp
 39724 | Swamp:1  | Received a gift from Nemelex Xobeh
 40226 | Swamp:2  | Noticed Roxanne
 40342 | Swamp:2  | Noticed Donald
 40354 | Swamp:2  | Killed Donald
 40415 | Swamp:2  | Received a gift from Nemelex Xobeh
 40443 | Swamp:2  | Noticed Jorgrun
 40459 | Swamp:2  | Killed from afar by Jorgrun

Action                   |  1- 3 |  4- 6 |  7- 9 | 10-12 | 13-15 | 16-18 || total
-------------------------+-------+-------+-------+-------+-------+-------++-------
Melee: Unarmed           |   111 |   214 |   442 |   965 |  2210 |  1094 ||  5036
 Fire: Blowgun           |       |       |    13 |   110 |    97 |    30 ||   250
Throw: Javelin           |       |       |       |       |       |     1 ||     1
 Cast: Hydra Form        |       |       |       |       |       |    33 ||    33
       Ice Form          |       |       |       |       |       |     2 ||     2
Invok: Deal Four         |       |       |       |       |       |     1 ||     1
 Abil: Spit Acid         |       |       |     1 |     1 |     4 |       ||     6
       Evoke Teleportati |       |       |       |       |       |     1 ||     1
Evoke: Wand              |       |     2 |     1 |    21 |    16 |     7 ||    47
       Deck              |       |       |    10 |    75 |   154 |    33 ||   272
       Box of beasts     |       |       |       |       |    19 |       ||    19
  Use: Scroll            |       |       |     1 |    31 |    21 |    13 ||    66
       Potion            |       |       |     2 |     6 |     9 |     9 ||    26
 Stab: Sleeping          |       |     1 |    13 |    18 |    21 |     5 ||    58
       Distracted        |       |       |     1 |     7 |    12 |     2 ||    22
       Fleeing           |       |       |     1 |       |       |       ||     1
       Invisible         |       |       |       |       |     7 |       ||     7
       Paralysed         |       |       |       |       |     3 |       ||     3
  Eat: Chunk             |     2 |     6 |     9 |    28 |    48 |     9 ||   102
       Royal jelly       |       |       |     2 |       |     1 |     3 ||     6
       Meat ration       |       |       |     1 |       |     3 |     2 ||     6
       Beef jerky        |       |       |       |     2 |     1 |     2 ||     5
       Pizza             |       |       |       |     1 |     2 |     1 ||     4
       Fruit             |       |       |       |     1 |     1 |     2 ||     4
